cohdb
Replays
Latest Replays
All Replays
Popular Replays
Top Player Replays
Match Explorer
How It Works
Community
CoH3 Stats
Reddit
Sign in to upload your games and track your stats! →
Sign in with Steam
Match 29500506
Unlisted
Match 29500506
Overview
Messages
Build Orders
End
Construct Barracks
Selects Armored Battlegroup
Selects Armored Battlegroup
Selects Veteran Crews
1⁄4-ton 4x4 Truck
Riflemen Squad
Riflemen Squad
Riflemen Squad
Grenade Package
Riflemen Squad
Selects Fast Deploy
Construct Medical Station
Mechanized Support Center
Riflemen Squad
Construct Motor Pool
Selects M8 Scott SPG
M1 Anti-tank Gun Team
M8 Scott SPG
M1 Anti-tank Gun Team
M1918 Browning Automatic Rifles
M1 Anti-tank Gun Team
M8 Scott SPG
Riflemen Squad
M8 Scott SPG
M1 Anti-tank Gun Team
Designate Forward Repair Station
M1 Anti-tank Gun Team
M1 Anti-tank Gun Team
Selects M4A3E8 Sherman Combat Group
M1 Anti-tank Gun Team
Riflemen Squad
M4A3E8 Sherman Combat Group
Riflemen Squad
汗流浃背德棍
ashilrye
⚓️Ruby⚓
HulkSMASH
0
0
Comments
sign in to comment!
No comments posted yet!